 Dungeon Crawl Stone Soup version 0.31-a0-187-gba352fbbf7 (webtiles) character file.

Game seed: 9714303404839409545

28 LnG the Ducker (level 2, -2/29 HPs)
             Began as a Troll Fighter on June 22, 2023.
             Killed from afar by Sigmund (9 damage)
             ... with a magic dart
             ... on level 2 of the Dungeon.
             The game lasted 00:02:25 (1032 turns).

LnG the Ducker (Troll Fighter)                      Turns: 1032, Time: 00:02:26

Health: -2/29      AC:  4    Str: 23    XL:     2   Next: 96%
Magic:  1/1        EV:  9    Int:  4    God:
Gold:   89         SH:  7    Dex:  9    Spells: 1/1 levels left

rFire   . . .        a - +0 flail
rCold   . . .        c - +0 kite shield
rNeg    + . .        b - +0 robe
rPois   .            (helmet restricted)
rElec   .            (no cloak)
rCorr   .            (gloves unavailable)
SInv    .            (boots unavailable)
Will    .....        (no amulet)
Stlth   +            k - ring of positive energy
HPRegen 1.04/turn    (no ring)
MPRegen 0.07/turn

%: no passive effects
@: no status effects
A: large, unfitting armour, claws 3, regeneration 1, shaggy fur 1, tough skin 1
a: no special abilities


You were on level 2 of the Dungeon.
You visited 1 branch of the dungeon, and saw 2 of its levels.

You collected 89 gold pieces.

Inventory:

Hand Weapons
 a - a +0 flail (weapon)
Armour
 b - a +0 robe (worn)
 c - a +0 kite shield (worn)
Jewellery
 k - a ring of positive energy (left claw)
Scrolls
 e - a scroll of summoning {unknown}
 h - a scroll of enchant armour {unknown}
 i - a scroll of silence {unknown}
Potions
 d - 2 potions of might
 f - a potion of magic {unknown}
 g - a potion of cancellation {unknown}
 j - a potion of lignification {unknown}


   Skills:
 + Level 2.7 Fighting
 + Level 1.9 Maces & Flails
 + Level 3.0 Dodging
 + Level 2.8 Shields


You had one spell level left.
You didn't know any spells.
Your spell library was empty.

Dungeon Overview and Level Annotations

Branches:
Dungeon (2/15)

Altars:

Shops:
D:1 :

Annotations:
D:2 Sigmund


Innate Abilities, Weirdness & Mutations

You are too large for most types of armour.
You have claws for hands.
Your natural rate of healing is unusually fast.
You are covered in fur. (AC +1)
You have tough skin. (AC +1)


Message History

Sigmund hits you from afar with a +0 scythe.
Found 14 gold pieces.
You hit Sigmund.
Sigmund is lightly wounded.
Sigmund casts a spell.
Sigmund flickers and vanishes!
Deactivating autopickup; reactivate with Ctrl-A.
You hear some strange, mumbled words.
A puff of flame appears from out of thin air!
The puff of flame hits you.
You barely miss something.
You hear some strange, mumbled words.
A magic dart appears from out of thin air!
The magic dart hits you!
You closely miss something. Something hits you.
You closely miss something. Something hits you.
You miss something. You block something's attack.
You barely miss something. You block something's attack.
You hit something.
You hear some strange, mumbled words.
Something tries to affect you, but you resist.
You hit something but do no damage. You block something's attack.
You closely miss something. Something hits you.
You hit something. Something hits you.
You barely miss something.
You hear some strange, mumbled words.
You are confused.
Something hits you. Something hits you.
A puff of flame appears from out of thin air!
The puff of flame hits you!
* * * LOW HITPOINT WARNING * * *
Something hits you.
* * * LOW HITPOINT WARNING * * *
You feel less confused. Something hits you.
* * * LOW HITPOINT WARNING * * *
A magic dart appears from out of thin air!
The magic dart hits you!
You die...

# #..# #..#####
....#####..# #..
...........# #..
#...#####.## #.# #
##.# #.# ##..# #.# #
#...# #.# #.# ##.##
###.# .. #.#
#..@######.
##.##.#####..........
#.............##.####
#..##.#####..{# # #.
#.........# #
######..### #..# #..#
....


There were no monsters in sight!

Vanquished Creatures
  A dart slug (D:1)
  2 ball pythons
  2 endoplasms
  2 giant cockroaches (D:2)
  A goblin (D:1)
  3 hobgoblins
  2 kobolds (D:1)
  A quokka (D:1)
  4 bats (D:1)
  4 frilled lizards
  2 rats (D:1)
24 creatures vanquished.

Notes
Turn   | Place    | Note
-------+----------+-------------------------------------------
     0 | D:1      | LnG the Troll Fighter began the quest for the Orb.
     0 | D:1      | Reached XP level 1. HP: 22/22 MP: 0/0
   189 | D:1      | Found Busyugg's Book Shop.
   221 | D:1      | Reached XP level 2. HP: 29/29 MP: 1/1
   985 | D:2      | Reached skill level 3 in Dodging
  1010 | D:2      | Noticed Sigmund
  1032 | D:2      | Killed from afar by Sigmund

Illustrated notes

Levels and vault maps discovered:
D:1:      shiori_arrival_maze, layout_basic, serial_shops, shop, serial_rivers,
          chequers_serial_rivers_micro_e, chequers_serial_rivers_small_a,
          chequers_serial_rivers_small_b, chequers_serial_rivers_small_3,
          chequers_serial_rivers_micro_c
D:2:      layout_loops_ring, uniq_sigmund

Skill      XL: |  1  2 |
---------------+-------+-----
Dodging        | 3 |  3.0
Fighting       | |  2.7
Maces & Flails | |  1.9
Shields        | |  2.8

Action                     || total
---------------------------++-------
  Melee: Flail             ||    87
 Armour: Robe              ||    37
  Dodge: Dodged            ||    28
  Block: Kite shield       ||    34

Table legend: (Time is in decaauts)
 A = Elapsed time spent in this place.
 B = Non-inter-level travel time spent in this place.
 C = Inter-level travel time spent in this place.
 D = Time resting spent in this place.
 E = Time spent auto-exploring this place.
 F = Levels seen in this place.
 G = Mean time per level.
                   A        B        C        D        E       F      G
               +--------+--------+--------+--------+--------+-----+--------+
         Total |   1069 |   1069 |      0 |      0 |    791 |   2 |  534.5 |
       Dungeon |   1069 |   1069 |      0 |      0 |    791 |   2 |  534.5 |
               +--------+--------+--------+--------+--------+-----+--------+

Top non-repeatable levels by time:
     D:1: 873 daAuts
     D:2: 195 daAuts
